 Dungeon Crawl Stone Soup version 0.28-a0-1555-g9ae15a6949 (webtiles) character file.

Game seed: 11851013999658181170

842 mordus the Slasher (level 8, -1/58 HPs)
             Began as a Formicid Fighter on Jan 18, 2022.
             Was an Initiate of Okawaru.
             Slain by a gnoll (5 damage)
             ... on level 5 of the Dungeon.
             The game lasted 00:07:25 (5088 turns).

mordus the Slasher (Formicid Fighter)               Turns: 5088, Time: 00:07:26

Health: -1/58      AC: 13    Str: 23    XL:     8   Next: 20%
Magic:  8/8        EV:  9    Int:  8    God:    Okawaru [......]
Gold:   64         SH:  5    Dex: 10    Spells: 7/7 levels left

rFire   . . .      SeeInvis +   a - +0 long sword
rCold   . . .      Faith    .   c - +0 buckler
rNeg    . . .      Spirit   .   b - +0 scale mail
rPois   .          Reflect  .   (helmet unavailable)
rElec   .          Harm     .   (no cloak)
rCorr   .          Rampage  .   t - +1 pair of gloves {hurl}
Will    .....                   (no boots)
Stlth   ..........              (no amulet)
HPRegen 0.19/turn               f - +4 ring of protection
MPRegen 0.11/turn               (no ring)

@: no status effects
A: permanent stasis, dig shafts and tunnels, antennae 3, four strong arms
a: Dig, Shaft Self, Renounce Religion


You were on level 5 of the Dungeon.
You worshipped Okawaru.
Okawaru was noncommittal.
You visited 2 branches of the dungeon, and saw 6 of its levels.

You collected 214 gold pieces.
You spent 150 gold pieces at shops.

Inventory:

Hand Weapons
 a - a +0 long sword (weapon)
Armour
 b - a +0 scale mail (worn)
 c - a +0 buckler (worn)
 t - a +1 pair of gloves of hurling (worn)
Jewellery
 f - a +4 ring of protection (left hand)
Scrolls
 h - 4 scrolls of identify {unknown}
 i - a scroll of teleportation {unknown}
 k - a scroll of acquirement {unknown}
 m - a scroll of immolation {unknown}
 n - a scroll of holy word {unknown}
 o - a scroll of fear {unknown}
 p - a scroll of magic mapping {unknown}
 q - 2 scrolls of enchant armour {unknown}
 r - a scroll of enchant weapon {unknown}
Potions
 d - a potion of might
 e - 2 potions of flight {unknown}
 g - 3 potions of curing {unknown}
 j - a potion of haste {unknown}
 l - a potion of heal wounds {unknown}
 s - a potion of degeneration {unknown}
 u - a potion of brilliance {unknown}


   Skills:
 - Level 3.2 Fighting
 * Level 6.4 Long Blades
 + Level 5.8 Armour
 + Level 6.3 Shields
 + Level 0.2 Invocations


You had 7 spell levels left.
You didn't know any spells.
Your spell library contained the following spells:

 Spells                   Type           Power      Damage    Failure   Level
 Beastly Appendage        Tmut           0%         N/A       77%         1
 Sublimation of Blood     Necr           0%         N/A       88%         2
 Petrify                  Tmut/Erth      0%         N/A       100%        4
 Alistair's Intoxication  Tmut/Pois      0%         N/A       100%        5
 Irradiate                Conj/Tmut      0%         3d13      100%        5
 Storm Form               Tmut/Air       0%         N/A       100%        7
 Summon Small Mammal      Summ           Unusable   N/A       N/A         1
 Call Canine Familiar     Summ           Unusable   N/A       N/A         3
 Summon Guardian Golem    Hex/Summ       Unusable   N/A       N/A         3
 Spellforged Servitor     Conj/Summ      Unusable   N/A       N/A         7

Dungeon Overview and Level Annotations

Branches:
Dungeon (5/15)             Temple (1/1) D:5

Altars:
Elyvilon
Gozag
Kikubaaqudgha
Nemelex Xobeh
Okawaru
Ru
Sif Muna
Vehumet
Wu Jian
Xom
Zin

Shops:
D:2 [*:*   D:4 [

Annotations:
D:4 1 runed translucent door, Crazy Yiuf


Innate Abilities, Weirdness & Mutations

You cannot be hasted, slowed, berserked, paralysed or teleported.
You can dig through walls and to a lower floor.
You have a pair of large antennae on your head. (SInv)
Your four strong arms can wield two-handed weapons with a shield.


Message History

You slash the gnoll!
The gnoll is severely wounded.
The gnoll hits you with a +0 halberd.
You barely miss the gnoll shaman. The gnoll barely misses you.
You barely miss the gnoll shaman.
The gnoll shaman hits you with a +0 whip.
You block the gnoll's attack.
You hit the gnoll shaman but do no damage.
The gnoll shaman hits you with a +0 whip!
The gnoll hits you but does no damage.
You slash the gnoll shaman!
The gnoll shaman is heavily wounded.
You block the gnoll shaman's attack. The gnoll completely misses you.
The gnoll shaman hits you with a +0 whip.
You barely miss the gnoll shaman.
The gnoll shaman is heavily wounded.
The gnoll hits you from afar with a +0 halberd.
The gnoll shaman calls upon its god to heal the gnoll.
The gnoll is healed somewhat.
You barely miss the gnoll shaman.
The gnoll shaman is heavily wounded.
The gnoll hits you from afar with a +0 halberd.
* * * LOW HITPOINT WARNING * * *
The gnoll shaman hits you with a +0 whip.
* * * LOW HITPOINT WARNING * * *
You closely miss the gnoll shaman.
The gnoll shaman is heavily wounded.
The gnoll hits you from afar with a +0 halberd.
* * * LOW HITPOINT WARNING * * *
The gnoll shaman hits you but does no damage.
You hit the gnoll shaman.
The gnoll shaman is severely wounded.
The gnoll hits you from afar with a +0 halberd.
* * * LOW HITPOINT WARNING * * *
The gnoll shaman calls upon its god to heal the gnoll.
The gnoll's wounds heal themselves!
You closely miss the gnoll shaman.
The gnoll shaman is severely wounded.
The gnoll hits you from afar with a +0 halberd.
You die...

#........##...#
#........##...#
#.............#
+.............#
#####......!..#
#.........#
#.........#
#.########...##
#.....@gggg...#
#############.#
.# #


You could see a gnoll shaman and 3 gnolls.

Vanquished Creatures
  An ogre (D:5)
  A necrophage (D:5)
  A water moccasin skeleton (D:4)
  A howler monkey (D:5)
  A centaur zombie (D:5)
  4 orc priests (D:5)
  2 jellies (D:4)
  A gnoll shaman (D:4)
  A centaur skeleton (D:5)
  Jessica (D:3)
  An orc wizard (D:5)
  An iguana (D:4)
  Terence (D:2)
  A hound zombie (D:5)
  6 gnolls
  6 adders
  A shadow imp (D:5)
  An adder skeleton (D:4)
  2 worms
  4 dart slugs
  3 orcs
  8 ball pythons
  7 bats
  4 endoplasms
  5 giant cockroaches
  4 goblins
  7 hobgoblins
  2 quokkas (D:2)
  A frilled lizard (D:1)
  9 kobolds
  4 rats
92 creatures vanquished.

Vanquished Creatures (others)
  3 fungi (D:3)
  5 plants (D:3)
8 creatures vanquished.

Grand Total: 100 creatures vanquished

Notes
Turn   | Place    | Note
-------+----------+-------------------------------------------
     0 | D:1      | mordus the Formicid Fighter began the quest for the Orb.
     0 | D:1      | Reached XP level 1. HP: 18/18 MP: 1/1
   316 | D:1      | Reached XP level 2. HP: 24/24 MP: 2/2
   413 | D:1      | You fall into a shaft and drop 1 floor!
   424 | D:2      | Found a shimmering altar of Xom.
   448 | D:2      | Found Kapux's Book Emporium.
   544 | D:2      | Reached XP level 3. HP: 29/29 MP: 3/3
   794 | D:2      | Noticed Terence
   804 | D:2      | Killed Terence
   805 | D:2      | Reached XP level 4. HP: 24/35 MP: 4/4
  1113 | D:2      | Found Epiril's Armour Shoppe.
  1575 | D:2      | Found Xujuer's Assorted Antiques.
  1698 | D:2      | Found Ihurufyz's Assorted Antiques.
  1785 | D:3      | Reached XP level 5. HP: 39/41 MP: 5/5
  1905 | D:3      | Noticed Jessica
  1911 | D:3      | Killed Jessica
  2300 | D:3      | Found a faded altar of an unknown god.
  2508 | D:4      | Reached XP level 6. HP: 37/47 MP: 6/6
  2642 | D:4      | Reached skill level 5 in Shields
  3049 | D:4      | Found a glowing silver altar of Zin.
  3052 | D:4      | Found an ornate altar of the Wu Jian Council.
  3057 | D:4      | Found an ancient bone altar of Kikubaaqudgha.
  3221 | D:4      | Found a runed translucent door.
  3222 | D:4      | Noticed Crazy Yiuf
  3256 | D:4      | Found Kefaufil's Antique Armour Emporium.
  3329 | D:4      | Bought a pair of embroidered gloves for 150 gold pieces
  3631 | D:5      | Entered Level 5 of the Dungeon
  3641 | D:5      | Got the Almanac of the Mutagenic Entourage
  3687 | D:5      | Reached skill level 5 in Long Blades
  3687 | D:5      | Reached XP level 7. HP: 39/52 MP: 7/7
  3694 | D:5      | Reached skill level 5 in Armour
  4670 | D:5      | Found a staircase to the Ecumenical Temple.
  4807 | Temple   | Entered the Ecumenical Temple
  4818 | Temple   | Became a worshipper of Warmaster Okawaru
  4887 | D:5      | Reached XP level 8. HP: 48/58 MP: 8/8
  5088 | D:5      | Slain by a gnoll

Illustrated notes

Levels and vault maps discovered:
D:1:      scummos_arrival_checkerplants, layout_basic
D:2:      minmay_general_purpose_star, layout_basic, serial_shops, shop,
          nicolae_shop_temple_entry_statues_fountains,
          nicolae_shop_hallway_plus, nicolae_lakefront_shop, basic_altar,
          minivault_5, minmay_fractal_squares_gapless_5, uniq_terence
D:3:      layout_loops_ring, shapermc_ecumenical_altar_mp_urbaneastern,
          chequers_serial_rivers_small_b, minmay_pentomino_pile, uniq_jessica
D:4:      layout_loops_cross, grunt_temple_overflow_diamond,
          nicolae_inconvenience_store, minmay_misc_feat_roman,
          uniq_crazy_yiuf_cottage
D:5:      layout_basic, minmay_temple_entry_proselytizer,
          kennysheep_generic_room_3
Temple:   eino_temple_rhombus

Skill      XL: |  1  2  3  4  5  6  7 |
---------------+----------------------+-----
Shields        | 4 5 6 |  6.3
Long Blades    | 3 4 5 6 |  6.4
Armour         | 4 5 |  5.8
Fighting       | |  3.2
Invocations    | |  0.2

Action                   |  1- 3 |  4- 6 |  7- 9 || total
-------------------------+-------+-------+-------++-------
Melee: Long sword        |    60 |   158 |   124 ||   342
Armor: Scale mail        |    29 |    85 |    78 ||   192
Dodge: Dodged            |    22 |    71 |    59 ||   152
Block: Buckler           |    12 |    19 |    26 ||    57

Table legend: (Time is in decaauts)
 A = Elapsed time spent in this place.
 B = Non-inter-level travel time spent in this place.
 C = Inter-level travel time spent in this place.
 D = Time resting spent in this place.
 E = Time spent auto-exploring this place.
 F = Levels seen in this place.
 G = Mean time per level.
                   A        B        C        D        E       F      G
               +--------+--------+--------+--------+--------+-----+--------+
         Total |   5163 |   5046 |    117 |   1369 |   2770 |   6 |  860.5 |
       Dungeon |   5140 |   5023 |    117 |   1369 |   2769 |   5 | 1028.0 |
        Temple |     23 |     23 |      0 |      0 |      1 |   1 |   23.0 |
               +--------+--------+--------+--------+--------+-----+--------+

Top non-repeatable levels by time:
     D:4: 1665 daAuts
     D:2: 1159 daAuts
     D:5: 930 daAuts
     D:3: 754 daAuts
     D:1: 630 daAuts
  Temple: 23 daAuts
